 Dungeon Crawl Stone Soup version 0.22.1-5-g62c59d919a (webtiles) character file.

21 Riddle the Skirmisher (level 2, -1/16 HPs)
             Began as a Felid Wanderer on Jan 15, 2019.
             Slain by a worm (7 damage)
             ... on level 2 of the Dungeon.
             The game lasted 00:01:27 (1415 turns).

Riddle the Skirmisher (Felid Wanderer)              Turns: 1415, Time: 00:01:28

Health: -1/16      AC:  1    Str:  9    XL:     2   Next: 65%
Magic:  3/3        EV: 18    Int: 13    God:
Gold:   83         SH:  0    Dex: 14    Spells: 1/1 levels left
                                        Lives:  0   Deaths: 0

rFire    . . .     SeeInvis +     - Unarmed
rCold    . . .     Gourm    .   (shield unavailable)
rNeg     . . .     Faith    .   (armour unavailable)
rPois    .         Spirit   .   (helmet unavailable)
rElec    .         Reflect  .   (cloak unavailable)
rCorr    .         Harm     .   (gloves unavailable)
MR       .....                  (boots unavailable)
Stlth    ++........             (no amulet)
HPRegen  0.05/turn              (no ring)
MPRegen  0.08/turn              (no ring)

@: quick
A: very small, no armour, no weapons or thrown items, stealth, claws 1, fangs 3,
see invisible, carnivore, speed 1, shaggy fur 1, slow metabolism 1, sharp paws
a: no special abilities


You were on level 2 of the Dungeon.
You were full.

You visited 1 branch of the dungeon, and saw 2 of its levels.

You collected 83 gold pieces.

Inventory:

Scrolls
 a - 2 scrolls of fear
 e - 2 scrolls of remove curse {unknown}
 g - a scroll of immolation {unknown}
 h - a scroll of magic mapping {unknown}
 i - a scroll of identify {unknown}
Potions
 b - a potion of heal wounds
 c - a potion of curing
 d - a potion of lignification
 j - a potion of degeneration {unknown}
Comestibles
 f - 4 rations


   Skills:
 - Level 5.0 Fighting
 + Level 3.2 Dodging
 - Level 1.3 Stealth
 - Level 3.0 Unarmed Combat
   Level 1.1 Evocations


You had one spell level left.
You didn't know any spells.
Your spell library was empty.

Dungeon Overview and Level Annotations

Branches:
Dungeon (2/15)

Altars:


Innate Abilities, Weirdness & Mutations

You cannot wear armour.
You are incapable of wielding weapons or throwing items.
Your paws allow you to move quietly. (Stealth)
You have sharp claws.
You have razor-sharp teeth.
You have supernaturally acute eyesight. (SInv)
You are carnivorous and can eat meat at any time.
You cover ground quickly.
You are covered in fur. (AC +1)
You have a slow metabolism.
Your sharp claws are effective at attacking unaware monsters.


Message History

The worm closely misses you.
You barely miss the worm.
The worm is lightly wounded.
You scratch the worm.
The worm is lightly wounded.
The worm closely misses you.
You scratch the worm but do no damage.
The worm is lightly wounded.
You scratch the worm.
The worm is moderately wounded.
The worm bites you!
Ouch! That really hurt!
You are too injured to fight recklessly!
You are too injured to fight recklessly!
You are too injured to fight recklessly!
You are too injured to fight recklessly!
You scratch the worm.
The worm is moderately wounded.
The worm bites you!
You die...

###########.#######.#.####.#
............................
...###<###.#######.#.##...#
#.# #... #....#.... #
#.####### #....#...#
#.##.###.#...# #.........
#........#.#.# #.#!.#...#
........##.#.####.##.#...$...
............@w....#.........#
..........##.###..#.........#
#######........ #../.......
#........# ##.###.....
..........# #. #.....
.......###.. #..... ........#
.## #..... ........# .#
#..... ####.#


You could see a worm.

Vanquished Creatures
  2 dart slugs (D:1)
  5 goblins (D:1)
  3 hobgoblins (D:1)
  3 bats
  A frilled lizard (D:1)
  3 rats (D:1)
17 creatures vanquished.

Notes
Turn   | Place    | Note
-------+----------+-------------------------------------------
     0 | D:1      | Riddle the Felid Wanderer began the quest for the Orb.
     0 | D:1      | Riddle set off with: a scroll of fear, a potion of heal
                  | wounds, a potion of curing, a potion of lignification, a
                  | ration
     0 | D:1      | Reached XP level 1. HP: 12/12 MP: 2/2
    12 | D:1      | Reached skill level 1 in Dodging
   180 | D:1      | Reached XP level 2. HP: 16/16 MP: 3/3
  1174 | D:2      | Noticed a scorpion
  1415 | D:2      | Slain by a worm

Skill      XL: |  1  2 |
---------------+-------+-----
Dodging        | 2 3 |  3.2
Fighting       | |  5.0
Stealth        | |  1.3
Unarmed Combat | |  3.0
Evocations     | |  1.1

Action                   || total
-------------------------++-------
Melee: Unarmed           ||    42
       Bite              ||     5
 Stab: Sleeping          ||     6
  Eat: Chunk             ||     4
Armor: Skin              ||     1
Dodge: Dodged            ||    22
